 Dungeon Crawl Stone Soup version 0.22.1-1-ga44c0e5 (webtiles) character file.

54 Velaskes the Skirmisher (level 3, 0/29 HPs)
             Began as a Demonspawn Abyssal Knight on Oct 30, 2018.
             Was a Follower of Lugonu.
             Slain by Natasha (8 damage)
             ... on level 3 of the Dungeon.
             The game lasted 00:08:01 (2313 turns).

Velaskes the Skirmisher (Demonspawn Abyssal Knight) Turns: 2313, Time: 00:08:02

Health: 0/29       AC:  7    Str: 11 (13) XL:     3   Next: 66%
Magic:  5/5        EV: 15    Int: 10 (13) God:    Lugonu [*.....]
Gold:   60         SH:  0    Dex: 16 (17) Spells: 2/2 levels left

rFire    . . .     SeeInvis .   a - +2 mace
rCold    . . .     Gourm    .   (no shield)
rNeg     . . .     Faith    .   n - +0 ring mail
rPois    .         Spirit   .   (no helmet)
rElec    .         Reflect  .   (no cloak)
rCorr    .         Harm     .   (no gloves)
MR       .....                  (no boots)
Stlth    ++........             (no amulet)
HPRegen  0.09/turn              (no ring)
MPRegen  0.09/turn              (no ring)

@: agile, slowed, very slow
A: icy blue scales 1
a: Depart the Abyss, Renounce Religion


You were on level 3 of the Dungeon.
You worshipped Lugonu.
Lugonu was aware of your devotion.
You were not hungry.

You visited 1 branch of the dungeon, and saw 3 of its levels.
You visited the Abyss 1 time.

You collected 60 gold pieces.

Inventory:

Hand Weapons
 a - a +2 mace (weapon)
Armour
 b - a +0 leather armour
 g - a +0 robe
 n - a +0 ring mail (worn)
Scrolls
 e - a scroll of magic mapping
 f - 3 scrolls of enchant weapon
 h - a scroll of blinking
 k - a scroll of fog
Potions
 d - a potion of might
 j - a potion of brilliance
Comestibles
 c - 4 rations
 l - 2 chunks of flesh


   Skills:
 + Level 3.3 Fighting
 + Level 2.6 Maces & Flails
 + Level 2.3 Armour
 + Level 1.2 Dodging
 + Level 0.1 Stealth
 + Level 2.8 Invocations


You had 2 spell levels left.
You didn't know any spells.
Your spell library was empty.

Dungeon Overview and Level Annotations

Branches:
Dungeon (3/15)

Altars:
Vehumet

Annotations:
D:3 Natasha


Innate Abilities, Weirdness & Mutations

You are partially covered in icy blue scales. (AC +2)


Message History

You feel yourself slow down. Natasha claws you but does no damage.
You hit Natasha.
Natasha is lightly wounded.
Natasha claws you but does no damage. Natasha claws you.
You closely miss Natasha.
Natasha is lightly wounded.
Natasha claws you.
You hit Natasha.
Natasha is heavily wounded.
Natasha stares at you and mumbles some strange words.
You resist with significant effort.
Natasha stares at you and mumbles some strange words.
The magic dart hits you!
You hit Natasha.
Natasha is severely wounded.
Natasha claws you. x2
* * * LOW HITPOINT WARNING * * *
You feel agile all of a sudden. Natasha barely misses you. Natasha claws you!
You die...

.# #.###.###.# .. .#
#.......#.# .# .# ##+##
.# #.....#.#.####.##..##
##...# ##
#.......#.##.'....(..
##..... ##
#...#####.##.'..h=..!
#......
.####...#####.##.#.##..##
#......
.+...............#.#
#......
.####...########h#..
#...... ## ##..###
#.@####### #...... #
##...# #..#..##.# ##...).
###.# #..#..##.# ##...#
#.# #..#..##.# ##'## #.#
#........# #.# #.#
##....#### #.# #.# ###.##
##.## #.# #.# ##...#
####### #.# #.# ###
#.....


You could see Natasha.

Vanquished Creatures
  A worm (D:2)
  A leopard gecko (D:3)
  An orc (D:3)
  A ball python (D:3)
  4 bats
  3 giant cockroaches
  7 goblins
  11 hobgoblins
  2 jackals (D:3)
  5 frilled lizards
  4 kobolds (D:1)
  2 rats (D:1)
42 creatures vanquished.

Notes
Turn   | Place    | Note
-------+----------+-------------------------------------------
     0 | Abyss:1  | Velaskes the Demonspawn Abyssal Knight began the quest for
                  | the Orb.
     0 | Abyss:1  | Reached XP level 1. HP: 18/18 MP: 2/2
   138 | Abyss:2  | Noticed a thrashing horror
   140 | D:1      | Escaped the Abyss
   569 | D:1      | Reached skill level 1 in Dodging
   584 | D:1      | Gained mutation: You are partially covered in icy blue
                  | scales. (AC +2) [demonic ancestry]
   584 | D:1      | Reached XP level 2. HP: 9/24 MP: 3/3
  1325 | D:2      | Reached * piety under Lugonu
  1412 | D:2      | Noticed a crimson imp
  1423 | D:2      | Reached XP level 3. HP: 14/29 MP: 5/5
  2245 | D:3      | Found a radiant altar of Vehumet.
  2299 | D:3      | Noticed Natasha
  2313 | D:3      | Slain by Natasha

Skill      XL: |  1  2 |
---------------+-------+-----
Armour         | 2 |  2.3
Dodging        | 1 |  1.2
Maces & Flails | 2 |  2.6
Fighting       | |  3.3
Stealth        | |  0.1
Invocations    | |  2.8

Action                   || total
-------------------------++-------
Melee: Mace              ||   114
Invok: Depart the Abyss  ||     1
  Use: Scroll            ||     7
       Potion            ||     6
  Eat: Chunk             ||     4
Armor: Leather armour    ||    23
       Ring mail         ||    38
Dodge: Dodged            ||    80
